Golden Seals vs Sharks

Created - 4 mai 2019 at 17:10

Goals
1 2 3 T
Golden Seals 1 0 0 1
Sharks 0 1 1 2
Shots
1 2 3 T
Golden Seals 9 17 16 42
Sharks 16 9 13 38

1st period

1. Golden Seals , Tyler Toffoli 3 (Ondrej Kase 4, Robert Hagg 3) at 2:56

Penalties :
No Penalty

2nd period

2. Sharks , Gabriel Landeskog 5 (Sidney Crosby 9) at 17:42

Penalties :
No Penalty

3rd period

3. Sharks , Teuvo Teravainen 4 (Jonathan Huberdeau 1, Jonathan Drouin 7) at 1:27

Penalties :
Tyson Barrie (SJS) for Interference (Minor) at 5:24

Goalie Stats

Sergei Bobrovsky (CLF), 36 saves from 38 shots - (0,947), L, 5-6-0, 58:14 minutes
Casey DeSmith (SJS), 41 saves from 42 shots - (0,976), W, 4-1-0, 60:00 minutes

Players Stats for Golden Seals

Player Name              G  A  P  +/- PIM S  H  SB GA TA FO     MP     PP MP  PK MP  
------------------------------------------------------------------------------------
Cody Ceci                0  0  0   0  0   1  0  0  0  1  0/0    21:30   0:00   0:00 
Colin Wilson             0  0  0   0  0   3  0  0  0  0  0/0    13:12   0:00   0:00 
Colton Parayko           0  0  0   0  0   1  2  2  0  3  0/0    24:48   1:18   0:00 
Jaden Schwartz           0  0  0   0  0   7  1  1  1  0  0/2    22:46   1:09   0:00 
Joe Pavelski             0  0  0   0  0   1  1  0  0  0  0/0    22:46   1:09   0:00 
Jonathan Toews           0  0  0   0  0   4  3  0  1  0  16/30  22:46   1:09   0:00 
Keith Yandle             0  0  0   0  0   5  1  2  0  1  0/0    23:57   1:18   0:00 
Mark Letestu             0  0  0  -2  0   0  0  0  0  0  0/0     6:17   0:00   0:00 
Max Domi                 0  0  0   1  0   4  0  0  0  0  8/24   17:45   0:50   0:00 
Mike Fisher              0  0  0   0  0   1  2  0  0  0  1/2    13:12   0:00   0:00 
Miles Wood               0  0  0   0  0   3  0  0  2  0  0/0    13:12   0:00   0:00 
Nate Schmidt             0  0  0   0  0   1  0  0  0  0  0/0    23:02   0:41   0:00 
Nick Cousins             0  0  0  -2  0   3  0  0  0  0  0/3     6:17   0:00   0:00 
Olli Maatta              0  0  0  -1  0   0  1  1  0  0  0/0    13:42   0:41   0:00 
Ondrej Kase              0  1  1   1  0   3  1  0  0  0  0/1    17:45   0:50   0:00 
Robby Fabbri             0  0  0  -2  0   1  0  0  0  0  0/0     6:17   0:00   0:00 
Robert Hagg              0  1  1  -1  0   0  2  0  0  1  0/0    13:01   0:00   0:00 
Tyler Toffoli            1  0  1   1  0   4  0  0  2  0  0/1    17:45   0:50   0:00 

Players Stats for Sharks

Player Name              G  A  P  +/- PIM S  H  SB GA TA FO     MP     PP MP  PK MP  
------------------------------------------------------------------------------------
Alex Pietrangelo         0  0  0   1  0   1  1  4  0  2  0/0    24:40   0:00   1:16 
Boone Jenner             0  0  0   1  0   0  2  2  0  0  11/20  20:46   0:00   1:05 
Brian Gibbons            0  0  0   0  0   1  0  0  0  0  0/0     5:04   0:00   0:00 
Colton Sceviour          0  0  0   0  0   0  0  0  1  0  2/3     6:09   0:00   1:05 
Dylan Larkin             0  0  0   0  0   2  3  0  0  0  0/0    21:07   0:00   0:00 
Gabriel Landeskog        1  0  1   0  0   5  0  1  0  1  2/3    21:07   0:00   0:00 
Jonathan Drouin          0  1  1   0  0   4  0  1  0  0  3/3    12:07   0:00   0:00 
Jonathan Huberdeau       0  1  1   1  0   3  0  0  4  1  0/0    19:41   0:00   0:00 
Justin Braun             0  0  0   1  0   4  5  5  0  1  0/0    24:32   0:00   1:10 
Michael Grabner          0  0  0   0  0   2  0  0  0  0  1/2    13:03   0:00   0:54 
Michael Raffl            0  0  0   0  0   1  0  0  0  0  0/0     5:04   0:00   0:00 
Mirco Mueller            0  0  0   0  0   2  0  1  0  0  0/0    12:36   0:00   0:43 
Patric Hornqvist         0  0  0   0  0   4  2  0  0  0  0/0    12:07   0:00   0:00 
Shea Theodore            0  0  0   0  0   1  0  0  0  0  0/0    12:44   0:00   0:49 
Sidney Crosby            0  1  1   0  0   3  2  0  1  0  18/30  21:07   0:00   0:00 
Teuvo Teravainen         1  0  1   1  0   3  1  2  0  0  1/2    20:37   0:00   0:54 
Tyson Barrie             0  0  0   0  2   1  2  3  0  1  0/0    22:45   0:00   0:00 
Zach Werenski            0  0  0   0  0   1  0  1  0  0  0/0    22:44   0:00   0:00 

3 Stars

1 - Casey DeSmith (SJS)
2 - Sergei Bobrovsky (CLF)
3 - Teuvo Teravainen (SJS)

Power Play

Golden Seals - 0 on 1 Attempt(s) - 0,00%
Sharks - 0 on 0 Attempt(s) - 0,00%

Penalty Kill

Golden Seals - 0 on 0 Attempt(s) - 0,00% - Score 0 goal in Penalty Kill
Sharks - 1 on 1 Attempt(s) - 100,00% - Score 0 goal in Penalty Kill

Team Stat

Golden Seals - Hits : 14 - Faceoff Wins : 25 - Blocked Shots : 6 - Penalty Minutes : 0
Sharks - Hits : 18 - Faceoff Wins : 38 - Blocked Shots : 20 - Penalty Minutes : 2

Official

Referees : Tim Peel and Marc Joannette
Linesman : Bryan Pancich and Steve Miller

Game Notes

No Game Note

Finance

Level 1 -- Attendance: 6000 (100,00%) -- Ticket Income 600 000 $
Level 2 -- Attendance: 5000 (100,00%) -- Ticket Income 300 000 $
Level 3 -- Attendance: 2000 (100,00%) -- Ticket Income 70 000 $
Level 4 -- Attendance: 4000 (100,00%) -- Ticket Income 80 000 $
Luxury Box -- Attendance: 938 (93,80%) -- Ticket Income 187 600 $
Game was played at the Wananiche.
Total Attendance: 17938 (99,66%)
Total Ticket Income: 1 237 600 $
Other Income: 606 424 $
Total Income: 1 844 024 $

Golden Seals

5 vs 5 Forward 
   Center                   Left Wing                Right Wing               Time % Phy DF OF 
 1 Jonathan Toews           Joe Pavelski             Jaden Schwartz           44     0   2  3  
 2 Max Domi                 Ondrej Kase              Tyler Toffoli            29     0   2  3  
 3 Mike Fisher              Colin Wilson             Miles Wood               20     1   2  2  
 4 Nick Cousins             Robby Fabbri             Mark Letestu             7      1   2  2  

5 vs 5 Defense 
   Defense                  Defense                                           Time % Phy DF OF 
 1 Keith Yandle             Cody Ceci                                         39     0   3  2  
 2 Colton Parayko           Nate Schmidt                                      39     0   3  2  
 3 Olli Maatta              Robert Hagg                                       22     1   3  1  
 4 Keith Yandle             Colton Parayko                                    0      1   2  2  

PowerPlay Forward 
   Center                   Left Wing                Right Wing               Time % Phy DF OF 
 1 Jonathan Toews           Joe Pavelski             Jaden Schwartz           60     1   0  4  
 2 Tyler Toffoli            Max Domi                 Ondrej Kase              40     1   0  4  

PowerPlay Defense
   Defense                  Defense                                           Time % Phy DF OF 
 1 Keith Yandle             Colton Parayko                                    70     0   1  4  
 2 Nate Schmidt             Olli Maatta                                       30     0   1  4  

Penalty Kill 4 Players Forward 
   Center                   Wing                     Time % Phy DF OF 
 1 Mike Fisher              Miles Wood               60     1   4  0  
 2 Mark Letestu             Nick Cousins             40     1   4  0  

Penalty Kill 4 Players Defense
   Defense                  Defense                  Time % Phy DF OF 
 1 Cody Ceci                Colton Parayko           60     1   4  0  
 2 Olli Maatta              Robert Hagg              40     1   4  0  

Penalty Kill - 3 Players Forward 
   Forward                                           Time % Phy DF OF 
 1 Mark Letestu                                      60     1   4  0  
 2 Mike Fisher                                       40     1   4  0  

Penalty Kill - 3 Players Defense
   Defense                  Defense                  Time % Phy DF OF 
 1 Cody Ceci                Keith Yandle             60     0   5  0  
 2 Olli Maatta              Colton Parayko           40     0   5  0  

4 vs 4 Forward 
   Center                   Wing                     Time % Phy DF OF 
 1 Jonathan Toews           Jaden Schwartz           60     0   2  3  
 2 Max Domi                 Ondrej Kase              40     0   2  3  

4 vs 4 Defense
   Defense                  Defense                  Time % Phy DF OF 
 1 Cody Ceci                Keith Yandle             60     0   3  2  
 2 Colton Parayko           Nate Schmidt             40     0   3  2  

Last Minutes Offensive
   Center                   Left Wing                Right Wing               Defense                  Defense                  
   Jonathan Toews           Jaden Schwartz           Joe Pavelski             Colton Parayko           Keith Yandle             

Last Minutes Defensive
   Center                   Left Wing                Right Wing               Defense                  Defense                  
   Mike Fisher              Jaden Schwartz           Mark Letestu             Colton Parayko           Cody Ceci                

Goaltenders
Starting : Sergei Bobrovsky         
Backup : Andrei Vasilevskiy       

Extra Forwards
Normal : Miles Wood, Jaden Schwartz, Joe Pavelski - PP : Miles Wood, Colin Wilson - PK : Jaden Schwartz
Extra Defensemen
Normal : Keith Yandle, Olli Maatta, Colton Parayko - PP : Keith Yandle - PK : Colton Parayko, Robert Hagg
Penalty Shots
Jonathan Toews, Joe Pavelski, Ondrej Kase, Jaden Schwartz, Mark Letestu
Custom OT Lines Forwards
Joe Pavelski, Jaden Schwartz, Jonathan Toews, Tyler Toffoli, Ondrej Kase, Max Domi, Miles Wood, Robby Fabbri, Colin Wilson, Mark Letestu
Custom OT Lines Defensemen
Keith Yandle, Colton Parayko, Cody Ceci, Nate Schmidt, Olli Maatta

Scratches
Cody Franson (Healthy)

Sharks

5 vs 5 Forward 
   Center                   Left Wing                Right Wing               Time % Phy DF OF 
 1 Sidney Crosby            Gabriel Landeskog        Dylan Larkin             42     0   2  3  
 2 Boone Jenner             Teuvo Teravainen         Jonathan Huberdeau       42     0   2  3  
 3 Jonathan Drouin          Michael Grabner          Patric Hornqvist         16     0   2  3  
 4 Colton Sceviour          Brian Gibbons            Michael Raffl            0      0   3  2  

5 vs 5 Defense 
   Defense                  Defense                                           Time % Phy DF OF 
 1 Alex Pietrangelo         Justin Braun                                      42     0   3  2  
 2 Tyson Barrie             Zach Werenski                                     42     0   3  2  
 3 Mirco Mueller            Shea Theodore                                     16     0   3  2  
 4 Alex Pietrangelo         Justin Braun                                      0      0   4  1  

PowerPlay Forward 
   Center                   Left Wing                Right Wing               Time % Phy DF OF 
 1 Sidney Crosby            Gabriel Landeskog        Dylan Larkin             50     0   1  4  
 2 Jonathan Drouin          Jonathan Huberdeau       Patric Hornqvist         50     0   1  4  

PowerPlay Defense
   Defense                  Defense                                           Time % Phy DF OF 
 1 Alex Pietrangelo         Tyson Barrie                                      50     0   2  3  
 2 Shea Theodore            Zach Werenski                                     50     0   2  3  

Penalty Kill 4 Players Forward 
   Center                   Wing                     Time % Phy DF OF 
 1 Teuvo Teravainen         Michael Grabner          50     0   5  0  
 2 Colton Sceviour          Boone Jenner             50     0   5  0  

Penalty Kill 4 Players Defense
   Defense                  Defense                  Time % Phy DF OF 
 1 Alex Pietrangelo         Justin Braun             50     0   5  0  
 2 Tyson Barrie             Shea Theodore            50     0   5  0  

Penalty Kill - 3 Players Forward 
   Forward                                           Time % Phy DF OF 
 1 Teuvo Teravainen                                  50     0   5  0  
 2 Colton Sceviour                                   50     0   5  0  

Penalty Kill - 3 Players Defense
   Defense                  Defense                  Time % Phy DF OF 
 1 Alex Pietrangelo         Shea Theodore            50     0   5  0  
 2 Justin Braun             Mirco Mueller            50     0   5  0  

4 vs 4 Forward 
   Center                   Wing                     Time % Phy DF OF 
 1 Boone Jenner             Michael Raffl            50     0   3  2  
 2 Dylan Larkin             Gabriel Landeskog        50     0   2  3  

4 vs 4 Defense
   Defense                  Defense                  Time % Phy DF OF 
 1 Mirco Mueller            Justin Braun             50     0   3  2  
 2 Alex Pietrangelo         Shea Theodore            50     0   3  2  

Last Minutes Offensive
   Center                   Left Wing                Right Wing               Defense                  Defense                  
   Sidney Crosby            Gabriel Landeskog        Dylan Larkin             Alex Pietrangelo         Tyson Barrie             

Last Minutes Defensive
   Center                   Left Wing                Right Wing               Defense                  Defense                  
   Sidney Crosby            Gabriel Landeskog        Dylan Larkin             Alex Pietrangelo         Justin Braun             

Goaltenders
Starting : Casey DeSmith            
Backup : Jake Allen               

Extra Forwards
Normal : Teuvo Teravainen, Jonathan Drouin, Patric Hornqvist - PP : Boone Jenner, Jonathan Drouin - PK : Michael Grabner
Extra Defensemen
Normal : Alex Pietrangelo, Shea Theodore, Tyson Barrie - PP : Alex Pietrangelo - PK : Shea Theodore, Tyson Barrie
Penalty Shots
Sidney Crosby, Gabriel Landeskog, Dylan Larkin, Patric Hornqvist, Jonathan Huberdeau
Custom OT Lines Forwards
Sidney Crosby, Gabriel Landeskog, Dylan Larkin, Patric Hornqvist, Jonathan Huberdeau, Teuvo Teravainen, Boone Jenner, Jonathan Drouin, Michael Grabner, Colton Sceviour
Custom OT Lines Defensemen
Alex Pietrangelo, Shea Theodore, Tyson Barrie, Zach Werenski, Mirco Mueller

Scratches
Mark Borowiecki (Lacerated Right Calf Injury)

% Time on Ice - Golden Seals

Lines # - Real PCT - Wanted PCT - Time Play
Normal Forward
1 - 36% - 44% - 20:22
2 - 30% - 29% - 16:55
3 - 23% - 20% - 13:12
4 - 11% - 7% - 6:17
Normal Defense
1 - 38% - 39% - 21:24
2 - 39% - 39% - 22:21
3 - 23% - 22% - 13:01
4 - 0% - 0% - 0:00
PP Forward
1 - 58% - 60% - 1:09
2 - 42% - 40% - 0:50
PP Defense
1 - 66% - 70% - 1:18
2 - 34% - 30% - 0:41
PK Forward
1 - 0% - 60%
2 - 0% - 40%
PK Defense
1 - 0% - 60%
2 - 0% - 40%
PK3 Forward
1 - 0% - 60%
2 - 0% - 40%
PK3 Defense
1 - 0% - 60%
2 - 0% - 40%
44 Forward
1 - 0% - 60%
2 - 0% - 40%
44 Defense
1 - 0% - 60%
2 - 0% - 40%
Last Minute Offensive  - 1:15
Last Minute Defensive  - 0:00
Total
Forward - 60:00
Defense - 60:00

% Time on Ice - Sharks

Lines # - Real PCT - Wanted PCT - Time Play
Normal Forward
1 - 35% - 42% - 19:54
2 - 35% - 42% - 19:41
3 - 21% - 16% - 12:07
4 - 9% - 0% - 5:04
Normal Defense
1 - 39% - 42% - 22:07
2 - 40% - 42% - 22:46
3 - 21% - 16% - 11:53
4 - 0% - 0% - 0:00
PP Forward
1 - 0% - 50%
2 - 0% - 50%
PP Defense
1 - 0% - 50%
2 - 0% - 50%
PK Forward
1 - 45% - 50% - 0:54
2 - 55% - 50% - 1:05
PK Defense
1 - 59% - 50% - 1:10
2 - 41% - 50% - 0:49
PK3 Forward
1 - 0% - 50%
2 - 0% - 50%
PK3 Defense
1 - 0% - 50%
2 - 0% - 50%
44 Forward
1 - 0% - 50%
2 - 0% - 50%
44 Defense
1 - 0% - 50%
2 - 0% - 50%
Last Minute Offensive  - 0:00
Last Minute Defensive  - 1:15
Total
Forward - 60:00
Defense - 60:00

Play-by-Play

1st period


0:01 of 1st period - Sidney Crosby wins face-off versus Jonathan Toews in neutral zone.
1:16 of 1st period - Snap shot by Gabriel Landeskog.
1:16 of 1st period - Stopped by Sergei Bobrovsky without a rebound.
1:17 of 1st period - Max Domi wins face-off versus Boone Jenner in Golden Seals zone.
1:33 of 1st period - Snap shot by Ondrej Kase.
1:33 of 1st period - Stopped by Casey DeSmith with a rebound.
1:43 of 1st period - Colton Parayko is hit by Patric Hornqvist.
1:47 of 1st period - Slapshot by Jonathan Drouin.
1:47 of 1st period - Stopped by Sergei Bobrovsky without a rebound.
1:48 of 1st period - Jonathan Drouin wins face-off versus Jonathan Toews in Golden Seals zone.
1:51 of 1st period - Snap shot by Jonathan Drouin.
1:51 of 1st period - Deflect By Patric Hornqvist.
1:51 of 1st period - Shot Misses the Net.
1:51 of 1st period - Puck is out of play.
1:52 of 1st period - Jonathan Toews wins face-off versus Boone Jenner in Golden Seals zone.
2:19 of 1st period - Max Domi is hit by Patric Hornqvist and loses puck.
2:56 of 1st period - Wrist shot by Tyler Toffoli.
2:56 of 1st period - Goal by Tyler Toffoli - Golden Seals : 1 - Sharks : 0.
2:57 of 1st period - Jonathan Toews wins face-off versus Boone Jenner in neutral zone.
3:00 of 1st period - Jonathan Huberdeau is hit by Colton Parayko and loses puck.
4:06 of 1st period - Wrist shot by Colin Wilson.
4:06 of 1st period - Stopped by Casey DeSmith with a rebound.
4:24 of 1st period - Mike Fisher is hit by Boone Jenner and loses puck.
4:56 of 1st period - Wrist shot by Boone Jenner.
4:56 of 1st period - Shot Misses the Net.
4:58 of 1st period - Slapshot by Zach Werenski.
4:58 of 1st period - Deflect By Colton Parayko.
4:58 of 1st period - Stopped by Sergei Bobrovsky without a rebound.
4:59 of 1st period - Sidney Crosby wins face-off versus Jaden Schwartz in Golden Seals zone.
5:02 of 1st period - Slapshot by Gabriel Landeskog.
5:02 of 1st period - Stopped by Sergei Bobrovsky with a rebound.
5:14 of 1st period - Snap shot by Jaden Schwartz.
5:14 of 1st period - Shot Misses the Net.
5:16 of 1st period - Snap shot by Jonathan Toews.
5:16 of 1st period - Stopped by Casey DeSmith without a rebound.
5:17 of 1st period - Michael Grabner wins face-off versus Max Domi in Sharks zone.
5:22 of 1st period - Slapshot by Jonathan Drouin.
5:22 of 1st period - Deflect By Patric Hornqvist.
5:22 of 1st period - Shot Misses the Net.
5:22 of 1st period - Puck is out of play.
5:23 of 1st period - Jonathan Drouin wins face-off versus Max Domi in Golden Seals zone.
5:24 of 1st period - Wrist shot by Patric Hornqvist.
5:24 of 1st period - Stopped by Sergei Bobrovsky with a rebound.
5:32 of 1st period - Snap shot by Tyler Toffoli.
5:32 of 1st period - Shot Misses the Net.
6:05 of 1st period - Snap shot by Jonathan Drouin.
6:05 of 1st period - Stopped by Sergei Bobrovsky with a rebound.
6:19 of 1st period - Snap shot by Jonathan Drouin.
6:19 of 1st period - Stopped by Sergei Bobrovsky with a rebound.
6:21 of 1st period - Wrist shot by Michael Grabner.
6:21 of 1st period - Stopped by Sergei Bobrovsky without a rebound.
6:22 of 1st period - Sidney Crosby wins face-off versus Jonathan Toews in Golden Seals zone.
6:29 of 1st period - Wrist shot by Sidney Crosby.
6:29 of 1st period - Stopped by Sergei Bobrovsky with a rebound.
6:39 of 1st period - Slapshot by Jonathan Toews.
6:39 of 1st period - Shot Misses the Net.
7:41 of 1st period - Mark Letestu is hit by Teuvo Teravainen and loses puck.
8:11 of 1st period - Colton Parayko is hit by Alex Pietrangelo and loses puck.
9:35 of 1st period - Alex Pietrangelo is hit by Mike Fisher and loses puck.
10:00 of 1st period - Alex Pietrangelo is hit by Robert Hagg and loses puck.
10:39 of 1st period - Off-side.
10:40 of 1st period - Sidney Crosby wins face-off versus Nick Cousins in neutral zone.
10:43 of 1st period - Colton Parayko is hit by Justin Braun and loses puck.
10:54 of 1st period - Wrist shot by Sidney Crosby.
10:54 of 1st period - Shot Misses the Net.
11:18 of 1st period - Icing by Teuvo Teravainen.
11:19 of 1st period - Jonathan Toews wins face-off versus Teuvo Teravainen in Sharks zone.
11:30 of 1st period - Slapshot by Jonathan Huberdeau.
11:30 of 1st period - Shot Blocked by Keith Yandle.
11:32 of 1st period - Slapshot by Justin Braun.
11:32 of 1st period - Shot Blocked by Keith Yandle.
11:34 of 1st period - Slapshot by Justin Braun.
11:34 of 1st period - Stopped by Sergei Bobrovsky without a rebound.
11:35 of 1st period - Sidney Crosby wins face-off versus Max Domi in Golden Seals zone.
11:48 of 1st period - Tyler Toffoli is hit by Dylan Larkin and loses puck.
13:04 of 1st period - Slapshot by Brian Gibbons.
13:04 of 1st period - Deflect By Michael Raffl.
13:04 of 1st period - Shot Blocked by Olli Maatta.
13:04 of 1st period - Puck is out of play.
13:05 of 1st period - Colton Sceviour wins face-off versus Ondrej Kase in Golden Seals zone.
13:18 of 1st period - Wrist shot by Michael Raffl.
13:18 of 1st period - Stopped by Sergei Bobrovsky with a rebound.
13:20 of 1st period - Slapshot by Justin Braun.
13:20 of 1st period - Stopped by Sergei Bobrovsky with a rebound.
13:22 of 1st period - Slapshot by Justin Braun.
13:22 of 1st period - Stopped by Sergei Bobrovsky without a rebound.
13:23 of 1st period - Sidney Crosby wins face-off versus Jonathan Toews in Golden Seals zone.
13:34 of 1st period - Snap shot by Sidney Crosby.
13:34 of 1st period - Shot Misses the Net.
13:36 of 1st period - Slapshot by Justin Braun.
13:36 of 1st period - Shot Misses the Net.
14:22 of 1st period - Wrist shot by Robby Fabbri.
14:22 of 1st period - Stopped by Casey DeSmith with a rebound.
14:38 of 1st period - Snap shot by Jaden Schwartz.
14:38 of 1st period - Stopped by Casey DeSmith with a rebound.
14:46 of 1st period - Slapshot by Jaden Schwartz.
14:46 of 1st period - Stopped by Casey DeSmith with a rebound.
15:15 of 1st period - Off-side.
15:16 of 1st period - Boone Jenner wins face-off versus Max Domi in neutral zone.
15:41 of 1st period - Jonathan Toews is hit by Dylan Larkin and loses puck.
15:50 of 1st period - Snap shot by Sidney Crosby.
15:50 of 1st period - Shot Misses the Net.
15:52 of 1st period - Slapshot by Sidney Crosby.
15:52 of 1st period - Shot Misses the Net.
16:06 of 1st period - Slapshot by Nick Cousins.
16:06 of 1st period - Stopped by Casey DeSmith with a rebound.
16:08 of 1st period - Snap shot by Nick Cousins.
16:08 of 1st period - Shot Blocked by Alex Pietrangelo.
16:10 of 1st period - Slapshot by Olli Maatta.
16:10 of 1st period - Deflect By Mark Letestu.
16:10 of 1st period - Shot Blocked by Justin Braun.
16:10 of 1st period - Puck is out of play.
16:11 of 1st period - Sidney Crosby wins face-off versus Max Domi in Sharks zone.
16:38 of 1st period - Nate Schmidt is hit by Justin Braun and loses puck.
16:58 of 1st period - Off-side.
16:59 of 1st period - Jonathan Drouin wins face-off versus Nick Cousins in neutral zone.
17:04 of 1st period - Slapshot by Tyson Barrie.
17:04 of 1st period - Stopped by Sergei Bobrovsky with a rebound.
17:47 of 1st period - Snap shot by Teuvo Teravainen.
17:47 of 1st period - Stopped by Sergei Bobrovsky with a rebound.
17:49 of 1st period - Snap shot by Teuvo Teravainen.
17:49 of 1st period - Stopped by Sergei Bobrovsky without a rebound.
17:50 of 1st period - Boone Jenner wins face-off versus Max Domi in Golden Seals zone.
17:57 of 1st period - Nate Schmidt is hit by Justin Braun and loses puck.
18:16 of 1st period - Alex Pietrangelo is hit by Joe Pavelski and loses puck.
19:10 of 1st period - Colton Sceviour is hit by Mike Fisher and loses puck.
19:29 of 1st period - Wrist shot by Jaden Schwartz.
19:29 of 1st period - Stopped by Casey DeSmith with a rebound.
Goals for this period are 1 for Golden Seals vs 0 for Sharks.
Shots for this period are 9 for Golden Seals vs 16 for Sharks.

2nd period


0:01 of 2nd period - Jonathan Toews wins face-off versus Boone Jenner in neutral zone.
0:10 of 2nd period - Snap shot by Alex Pietrangelo.
0:10 of 2nd period - Shot Blocked by Jaden Schwartz.
0:38 of 2nd period - Snap shot by Jonathan Toews.
0:38 of 2nd period - Shot Blocked by Alex Pietrangelo.
0:40 of 2nd period - Snap shot by Jaden Schwartz.
0:40 of 2nd period - Stopped by Casey DeSmith with a rebound.
0:42 of 2nd period - Snap shot by Jaden Schwartz.
0:42 of 2nd period - Stopped by Casey DeSmith without a rebound.
0:43 of 2nd period - Max Domi wins face-off versus Sidney Crosby in Sharks zone.
0:44 of 2nd period - Wrist shot by Tyler Toffoli.
0:44 of 2nd period - Stopped by Casey DeSmith without a rebound.
0:45 of 2nd period - Gabriel Landeskog wins face-off versus Max Domi in Sharks zone.
1:18 of 2nd period - Snap shot by Colin Wilson.
1:18 of 2nd period - Shot Blocked by Teuvo Teravainen.
1:20 of 2nd period - Wrist shot by Mike Fisher.
1:20 of 2nd period - Stopped by Casey DeSmith without a rebound.
1:21 of 2nd period - Jonathan Toews wins face-off versus Sidney Crosby in Sharks zone.
1:26 of 2nd period - Wrist shot by Jonathan Toews.
1:26 of 2nd period - Shot Blocked by Alex Pietrangelo.
1:28 of 2nd period - Wrist shot by Jonathan Toews.
1:28 of 2nd period - Deflect By Dylan Larkin.
1:28 of 2nd period - Shot Blocked by Justin Braun.
1:28 of 2nd period - Puck is out of play.
1:29 of 2nd period - Sidney Crosby wins face-off versus Jonathan Toews in Sharks zone.
1:52 of 2nd period - Colton Parayko is hit by Dylan Larkin and loses puck.
1:59 of 2nd period - Gabriel Landeskog is hit by Jonathan Toews and loses puck.
2:08 of 2nd period - Wrist shot by Jaden Schwartz.
2:08 of 2nd period - Shot Misses the Net.
2:10 of 2nd period - Snap shot by Colton Parayko.
2:10 of 2nd period - Deflect By Jaden Schwartz.
2:10 of 2nd period - Shot Misses the Net.
2:10 of 2nd period - Puck is out of play.
2:11 of 2nd period - Max Domi wins face-off versus Boone Jenner in Sharks zone.
2:12 of 2nd period - Snap shot by Ondrej Kase.
2:12 of 2nd period - Shot Misses the Net.
2:14 of 2nd period - Snap shot by Tyler Toffoli.
2:14 of 2nd period - Shot Blocked by Boone Jenner.
2:18 of 2nd period - Wrist shot by Ondrej Kase.
2:18 of 2nd period - Shot Blocked by Tyson Barrie.
2:20 of 2nd period - Slapshot by Cody Ceci.
2:20 of 2nd period - Stopped by Casey DeSmith without a rebound.
2:21 of 2nd period - Boone Jenner wins face-off versus Max Domi in Sharks zone.
2:52 of 2nd period - Tyler Toffoli is hit by Boone Jenner and loses puck.
3:05 of 2nd period - Snap shot by Tyler Toffoli.
3:05 of 2nd period - Shot Misses the Net.
3:07 of 2nd period - Slapshot by Keith Yandle.
3:07 of 2nd period - Stopped by Casey DeSmith without a rebound.
3:08 of 2nd period - Jonathan Toews wins face-off versus Sidney Crosby in Sharks zone.
3:11 of 2nd period - Slapshot by Jaden Schwartz.
3:11 of 2nd period - Shot Blocked by Gabriel Landeskog.
3:13 of 2nd period - Slapshot by Jaden Schwartz.
3:13 of 2nd period - Shot Misses the Net.
3:25 of 2nd period - Slapshot by Jonathan Toews.
3:25 of 2nd period - Stopped by Casey DeSmith with a rebound.
4:00 of 2nd period - Justin Braun is hit by Robert Hagg and loses puck.
4:19 of 2nd period - Snap shot by Jaden Schwartz.
4:19 of 2nd period - Stopped by Casey DeSmith with a rebound.
4:21 of 2nd period - Snap shot by Jonathan Toews.
4:21 of 2nd period - Stopped by Casey DeSmith with a rebound.
4:49 of 2nd period - Wrist shot by Gabriel Landeskog.
4:49 of 2nd period - Shot Misses the Net.
4:51 of 2nd period - Snap shot by Dylan Larkin.
4:51 of 2nd period - Stopped by Sergei Bobrovsky without a rebound.
4:52 of 2nd period - Jonathan Toews wins face-off versus Sidney Crosby in Golden Seals zone.
5:02 of 2nd period - Off-side.
5:03 of 2nd period - Jonathan Toews wins face-off versus Boone Jenner in neutral zone.
5:36 of 2nd period - Off-side.
5:37 of 2nd period - Colton Sceviour wins face-off versus Max Domi in neutral zone.
5:40 of 2nd period - Wrist shot by Brian Gibbons.
5:40 of 2nd period - Stopped by Sergei Bobrovsky with a rebound.
6:22 of 2nd period - Wrist shot by Colin Wilson.
6:22 of 2nd period - Shot Blocked by Tyson Barrie.
6:24 of 2nd period - Snap shot by Nick Cousins.
6:24 of 2nd period - Stopped by Casey DeSmith with a rebound.
6:26 of 2nd period - Slapshot by Keith Yandle.
6:26 of 2nd period - Stopped by Casey DeSmith with a rebound.
6:28 of 2nd period - Slapshot by Cody Ceci.
6:28 of 2nd period - Shot Blocked by Zach Werenski.
6:30 of 2nd period - Slapshot by Cody Ceci.
6:30 of 2nd period - Shot Blocked by Boone Jenner.
7:18 of 2nd period - Snap shot by Jonathan Huberdeau.
7:18 of 2nd period - Shot Misses the Net.
8:01 of 2nd period - Slapshot by Patric Hornqvist.
8:01 of 2nd period - Stopped by Sergei Bobrovsky without a rebound.
8:02 of 2nd period - Jonathan Toews wins face-off versus Sidney Crosby in Golden Seals zone.
8:52 of 2nd period - Brian Gibbons is hit by Colton Parayko and loses puck.
9:21 of 2nd period - Snap shot by Jonathan Drouin.
9:21 of 2nd period - Shot Misses the Net.
9:23 of 2nd period - Slapshot by Mirco Mueller.
9:23 of 2nd period - Deflect By Jonathan Drouin.
9:23 of 2nd period - Stopped by Sergei Bobrovsky with a rebound.
9:25 of 2nd period - Snap shot by Michael Grabner.
9:25 of 2nd period - Shot Hit the Post.
9:39 of 2nd period - Slapshot by Max Domi.
9:39 of 2nd period - Shot Blocked by Mirco Mueller.
9:41 of 2nd period - Snap shot by Robert Hagg.
9:41 of 2nd period - Shot Misses the Net.
9:43 of 2nd period - Wrist shot by Max Domi.
9:43 of 2nd period - Stopped by Casey DeSmith with a rebound.
10:03 of 2nd period - Snap shot by Colin Wilson.
10:03 of 2nd period - Stopped by Casey DeSmith without a rebound.
10:04 of 2nd period - Sidney Crosby wins face-off versus Jonathan Toews in Sharks zone.
11:05 of 2nd period - Slapshot by Keith Yandle.
11:05 of 2nd period - Shot Blocked by Alex Pietrangelo.
11:27 of 2nd period - Icing by Shea Theodore.
11:28 of 2nd period - Jonathan Toews wins face-off versus Sidney Crosby in Sharks zone.
11:47 of 2nd period - Snap shot by Sidney Crosby.
11:47 of 2nd period - Stopped by Sergei Bobrovsky without a rebound.
11:48 of 2nd period - Boone Jenner wins face-off versus Max Domi in Golden Seals zone.
13:39 of 2nd period - Wrist shot by Tyler Toffoli.
13:39 of 2nd period - Deflect By Tyson Barrie.
13:39 of 2nd period - Shot Blocked by Teuvo Teravainen.
13:39 of 2nd period - Puck is out of play.
13:40 of 2nd period - Max Domi wins face-off versus Gabriel Landeskog in Sharks zone.
13:41 of 2nd period - Slapshot by Keith Yandle.
13:41 of 2nd period - Stopped by Casey DeSmith with a rebound.
14:52 of 2nd period - Snap shot by Teuvo Teravainen.
14:52 of 2nd period - Deflect By Jonathan Huberdeau.
14:52 of 2nd period - Stopped by Sergei Bobrovsky without a rebound.
14:53 of 2nd period - Boone Jenner wins face-off versus Jonathan Toews in Golden Seals zone.
15:40 of 2nd period - Snap shot by Joe Pavelski.
15:40 of 2nd period - Stopped by Casey DeSmith with a rebound.
16:37 of 2nd period - Off-side.
16:38 of 2nd period - Max Domi wins face-off versus Sidney Crosby in neutral zone.
17:30 of 2nd period - Backhand shot by Nick Cousins.
17:30 of 2nd period - Stopped by Casey DeSmith with a rebound.
17:32 of 2nd period - Wrist shot by Nick Cousins.
17:32 of 2nd period - Shot Misses the Net.
17:34 of 2nd period - Slapshot by Olli Maatta.
17:34 of 2nd period - Deflect By Nick Cousins.
17:34 of 2nd period - Shot Blocked by Jonathan Drouin.
17:34 of 2nd period - Puck is out of play.
17:35 of 2nd period - Sidney Crosby wins face-off versus Nick Cousins in Sharks zone.
17:42 of 2nd period - Snap shot by Gabriel Landeskog.
17:42 of 2nd period - Goal by Gabriel Landeskog - Golden Seals : 1 - Sharks : 1.
17:43 of 2nd period - Sidney Crosby wins face-off versus Max Domi in neutral zone.
17:48 of 2nd period - Snap shot by Gabriel Landeskog.
17:48 of 2nd period - Stopped by Sergei Bobrovsky without a rebound.
17:49 of 2nd period - Max Domi wins face-off versus Sidney Crosby in Golden Seals zone.
18:12 of 2nd period - Ondrej Kase is hit by Sidney Crosby and loses puck.
18:39 of 2nd period - Snap shot by Ondrej Kase.
18:39 of 2nd period - Stopped by Casey DeSmith without a rebound.
18:40 of 2nd period - Boone Jenner wins face-off versus Jonathan Toews in Sharks zone.
18:40 of 2nd period - Boone Jenner is hit by Jonathan Toews.
18:47 of 2nd period - Off-side.
18:48 of 2nd period - Jonathan Toews wins face-off versus Boone Jenner in neutral zone.
19:05 of 2nd period - Wrist shot by Joe Pavelski.
19:05 of 2nd period - Deflect By Jonathan Toews.
19:05 of 2nd period - Shot Blocked by Tyson Barrie.
19:05 of 2nd period - Puck is out of play.
19:06 of 2nd period - Sidney Crosby wins face-off versus Tyler Toffoli in Sharks zone.
19:42 of 2nd period - Backhand shot by Teuvo Teravainen.
19:42 of 2nd period - Deflect By Jonathan Huberdeau.
19:42 of 2nd period - Stopped by Sergei Bobrovsky without a rebound.
19:43 of 2nd period - Sidney Crosby wins face-off versus Max Domi in Golden Seals zone.
Goals for this period are 0 for Golden Seals vs 1 for Sharks.
Shots for this period are 17 for Golden Seals vs 9 for Sharks.

3rd period


0:01 of 3rd period - Gabriel Landeskog wins face-off versus Jonathan Toews in neutral zone.
0:14 of 3rd period - Snap shot by Gabriel Landeskog.
0:14 of 3rd period - Stopped by Sergei Bobrovsky without a rebound.
0:15 of 3rd period - Boone Jenner wins face-off versus Jonathan Toews in Golden Seals zone.
0:47 of 3rd period - Wrist shot by Keith Yandle.
0:47 of 3rd period - Stopped by Casey DeSmith with a rebound.
0:49 of 3rd period - Wrist shot by Ondrej Kase.
0:49 of 3rd period - Stopped by Casey DeSmith with a rebound.
0:51 of 3rd period - Snap shot by Tyler Toffoli.
0:51 of 3rd period - Stopped by Casey DeSmith with a rebound.
1:27 of 3rd period - Wrist shot by Teuvo Teravainen.
1:27 of 3rd period - Goal by Teuvo Teravainen - Golden Seals : 1 - Sharks : 2.
1:28 of 3rd period - Sidney Crosby wins face-off versus Jaden Schwartz in neutral zone.
1:44 of 3rd period - Off-side.
1:45 of 3rd period - Boone Jenner wins face-off versus Max Domi in neutral zone.
2:01 of 3rd period - Max Domi is hit by Justin Braun and loses puck.
3:01 of 3rd period - Off-side.
3:02 of 3rd period - Max Domi wins face-off versus Sidney Crosby in neutral zone.
3:17 of 3rd period - Wrist shot by Ondrej Kase.
3:17 of 3rd period - Shot Misses the Net.
3:55 of 3rd period - Snap shot by Miles Wood.
3:55 of 3rd period - Stopped by Casey DeSmith with a rebound.
3:57 of 3rd period - Snap shot by Miles Wood.
3:57 of 3rd period - Stopped by Casey DeSmith with a rebound.
4:17 of 3rd period - Snap shot by Patric Hornqvist.
4:17 of 3rd period - Shot Misses the Net.
4:19 of 3rd period - Slapshot by Mirco Mueller.
4:19 of 3rd period - Stopped by Sergei Bobrovsky with a rebound.
4:21 of 3rd period - Slapshot by Michael Grabner.
4:21 of 3rd period - Stopped by Sergei Bobrovsky without a rebound.
4:22 of 3rd period - Jonathan Toews wins face-off versus Sidney Crosby in Golden Seals zone.
4:49 of 3rd period - Tyson Barrie is hit by Keith Yandle and loses puck.
4:54 of 3rd period - Slapshot by Max Domi.
4:54 of 3rd period - Stopped by Casey DeSmith without a rebound.
4:55 of 3rd period - Boone Jenner wins face-off versus Max Domi in Sharks zone.
5:08 of 3rd period - Snap shot by Ondrej Kase.
5:08 of 3rd period - Shot Misses the Net.
5:10 of 3rd period - Slapshot by Nate Schmidt.
5:10 of 3rd period - Stopped by Casey DeSmith without a rebound.
5:11 of 3rd period - Sidney Crosby wins face-off versus Jonathan Toews in Sharks zone.
5:18 of 3rd period - Sidney Crosby is hit by Jaden Schwartz and loses puck.
5:24 of 3rd period - Minor Penalty to Tyson Barrie for Interference.
5:25 of 3rd period - Teuvo Teravainen wins face-off versus Jonathan Toews in Sharks zone.
5:30 of 3rd period - Icing by Colton Parayko.
5:31 of 3rd period - Jonathan Toews wins face-off versus Colton Sceviour in Golden Seals zone.
5:36 of 3rd period - Wrist shot by Jaden Schwartz.
5:36 of 3rd period - Shot Misses the Net.
5:38 of 3rd period - Slapshot by Colton Parayko.
5:38 of 3rd period - Stopped by Casey DeSmith with a rebound.
5:58 of 3rd period - Slapshot by Keith Yandle.
5:58 of 3rd period - Stopped by Casey DeSmith with a rebound.
6:00 of 3rd period - Snap shot by Tyler Toffoli.
6:00 of 3rd period - Shot Blocked by Justin Braun.
6:02 of 3rd period - Snap shot by Tyler Toffoli.
6:02 of 3rd period - Stopped by Casey DeSmith with a rebound.
6:04 of 3rd period - Wrist shot by Max Domi.
6:04 of 3rd period - Shot Blocked by Justin Braun.
6:06 of 3rd period - Wrist shot by Ondrej Kase.
6:06 of 3rd period - Deflect By Max Domi.
6:06 of 3rd period - Stopped by Casey DeSmith with a rebound.
6:08 of 3rd period - Slapshot by Colton Parayko.
6:08 of 3rd period - Shot Misses the Net.
7:24 of 3rd period - Penalty to Tyson Barrie is over, Tyson Barrie is back on ice.
7:52 of 3rd period - Olli Maatta is hit by Tyson Barrie and loses puck.
8:05 of 3rd period - Robby Fabbri is hit by Sidney Crosby and loses puck.
8:48 of 3rd period - Snap shot by Jonathan Huberdeau.
8:48 of 3rd period - Stopped by Sergei Bobrovsky without a rebound.
8:49 of 3rd period - Jonathan Toews wins face-off versus Boone Jenner in Golden Seals zone.
9:10 of 3rd period - Dylan Larkin is hit by Ondrej Kase and loses puck.
9:17 of 3rd period - Wrist shot by Max Domi.
9:17 of 3rd period - Stopped by Casey DeSmith without a rebound.
9:18 of 3rd period - Sidney Crosby wins face-off versus Jonathan Toews in Sharks zone.
9:55 of 3rd period - Snap shot by Boone Jenner.
9:55 of 3rd period - Shot Blocked by Colton Parayko.
10:29 of 3rd period - Slapshot by Alex Pietrangelo.
10:29 of 3rd period - Stopped by Sergei Bobrovsky with a rebound.
10:49 of 3rd period - Jonathan Toews is hit by Justin Braun and loses puck.
10:56 of 3rd period - Snap shot by Gabriel Landeskog.
10:56 of 3rd period - Deflect By Sidney Crosby.
10:56 of 3rd period - Stopped by Sergei Bobrovsky with a rebound.
11:32 of 3rd period - Slapshot by Colin Wilson.
11:32 of 3rd period - Stopped by Casey DeSmith without a rebound.
11:33 of 3rd period - Sidney Crosby wins face-off versus Mike Fisher in Sharks zone.
13:48 of 3rd period - Brian Gibbons is hit by Olli Maatta.
13:58 of 3rd period - Off-side.
13:59 of 3rd period - Boone Jenner wins face-off versus Max Domi in neutral zone.
14:34 of 3rd period - Wrist shot by Dylan Larkin.
14:34 of 3rd period - Stopped by Sergei Bobrovsky without a rebound.
14:35 of 3rd period - Jonathan Toews wins face-off versus Sidney Crosby in Golden Seals zone.
15:06 of 3rd period - Snap shot by Miles Wood.
15:06 of 3rd period - Stopped by Casey DeSmith without a rebound.
15:07 of 3rd period - Boone Jenner wins face-off versus Max Domi in Sharks zone.
15:14 of 3rd period - Nate Schmidt is hit by Tyson Barrie and loses puck.
16:06 of 3rd period - Slapshot by Patric Hornqvist.
16:06 of 3rd period - Stopped by Sergei Bobrovsky with a rebound.
16:08 of 3rd period - Slapshot by Justin Braun.
16:08 of 3rd period - Stopped by Sergei Bobrovsky without a rebound.
16:09 of 3rd period - Mike Fisher wins face-off versus Michael Grabner in Golden Seals zone.
16:59 of 3rd period - Snap shot by Patric Hornqvist.
16:59 of 3rd period - Stopped by Sergei Bobrovsky with a rebound.
17:01 of 3rd period - Slapshot by Shea Theodore.
17:01 of 3rd period - Stopped by Sergei Bobrovsky with a rebound.
17:03 of 3rd period - Slapshot by Mirco Mueller.
17:03 of 3rd period - Stopped by Sergei Bobrovsky with a rebound.
17:05 of 3rd period - Snap shot by Patric Hornqvist.
17:05 of 3rd period - Deflect By Jonathan Drouin.
17:05 of 3rd period - Shot Misses the Net.
17:05 of 3rd period - Puck is out of play.
17:06 of 3rd period - Sidney Crosby wins face-off versus Jonathan Toews in Golden Seals zone.
17:09 of 3rd period - Snap shot by Sidney Crosby.
17:09 of 3rd period - Shot Blocked by Colton Parayko.
17:49 of 3rd period - Icing by Nate Schmidt.
17:50 of 3rd period - Max Domi wins face-off versus Boone Jenner in Golden Seals zone.
18:14 of 3rd period - Golden Seals, Sergei Bobrovsky is pulled from the net.
19:08 of 3rd period - Slapshot by Keith Yandle.
19:08 of 3rd period - Shot Blocked by Justin Braun.
19:12 of 3rd period - Snap shot by Jaden Schwartz.
19:12 of 3rd period - Stopped by Casey DeSmith without a rebound.
19:13 of 3rd period - Mike Babcock call a timeout for Golden Seals.
19:13 of 3rd period - Jonathan Toews wins face-off versus Sidney Crosby in Sharks zone.
19:44 of 3rd period - Wrist shot by Jonathan Toews.
19:44 of 3rd period - Stopped by Casey DeSmith with a rebound.
19:46 of 3rd period - Snap shot by Jaden Schwartz.
19:46 of 3rd period - Shot Misses the Net.
19:58 of 3rd period - Justin Braun is hit by Jonathan Toews and loses puck.
Goals for this period are 0 for Golden Seals vs 1 for Sharks.
Shots for this period are 16 for Golden Seals vs 13 for Sharks. Output by the SimonT Hockey Simulator (STHS) for Alexandre Lamarre - Original Page W3C HTML5 Valid
Hockey Simulator - Hockey Simulation - Hockey Manager